AoeStats
← Sid

Lombardia

508624862Analyzed
2v2 RM · 9d ago on Sep 23, 2026· 30m 23s· 4 players
Game mode
Random Map
Map size
Medium (4 player)
Population
200
Speed
Normal
Resources
Standard
Victory
Conquest
Starting age
Dark Age
Ending age
Imperial Age
RankedLock teamsTeams togetherTeam positionsShared explorationLock speedFull tech treeHidden civsTurbo modeCheats
Victory
Defeat
🇯🇵 Hindustanis · Japan
1304
+16
🇯🇵 Jurchens · Japan
1235
+20
🇩🇪 Bengalis · Germany
1310
-18
🇩🇪 Persians · Germany
1307
-18
fumin.jp
6:04 Loom
9:04 Feudal Age
7:48 Loom
9:51 Double-Bit Axe
21:38 Castle Age
20:19 Padded Archer Armor
20:29 Scale Barding Armor
20:35 Forging
20:11 Horse Collar
21:04 Gold Mining
22:39 Wheelbarrow
22:47 Husbandry
23:42 Bloodlines
26:56 Chain Barding Armor
27:40 Fervor
28:44 Iron Casting
Sid
6:41 Loom
9:00 Feudal Age
9:49 Double-Bit Axe
13:52 Wheelbarrow
13:21 Horse Collar
17:12 Bloodlines
20:03 Castle Age
18:49 Gold Mining
20:09 Scale Barding Armor
20:14 Forging
20:27 Bloodlines
21:00 Light Cavalry
24:10 Gold Shaft Mining
25:51 Pikeman
27:13 Husbandry
27:41 Chain Barding Armor
29:23 Stone Mining
egenem17
10:42 Feudal Age
14:55 Castle Age
13:05 Horse Collar
16:18 Double-Bit Axe
18:54 Loom
19:45 Wheelbarrow
20:10 Bow Saw
20:01 Heavy Plow
21:18 Heavy Plow
24:29 Husbandry
25:12 Town Watch
26:03 Wheelbarrow
Heinrich Donnerlümmel
8:16 Loom
10:31 Feudal Age
23:10 Castle Age
21:41 Horse Collar
21:49 Double-Bit Axe
22:39 Forging
24:43 Gold Mining
25:48 Bloodlines
26:46 Iron Casting
Connection lost

Rejoining the realm…

Still unreachable

The connection could not be restored.

Session expired

The server has moved on; the page needs a fresh start.